 Dungeon Crawl Stone Soup version 0.18.1-8-gdd0e5ea (webtiles) character file.

498 Gargoyl the Covered (level 6, -3/48 HPs)
             Began as a Demonspawn Abyssal Knight on May 21, 2016.
             Was a Priest of Lugonu.
             Slain by an ogre
             ... wielding a +0 giant club
              (14 damage)
             ... on level 4 of the Dungeon.
             The game lasted 00:08:55 (5002 turns).

Gargoyl the Covered (Demonspawn Abyssal Knight)     Turns: 5002, Time: 00:08:56

Health: -3/48      AC: 18    Str: 14    XL:     6   Next: 94%
Magic:  8/8        EV:  7    Int: 14    God:    Lugonu [***...]
Gold:   158        SH:  0    Dex: 12    Spells: 0 memorised, 5 levels left

rFire  + . .     SeeInvis .     a - +1 hand axe
rCold  . . .     Gourm    .     i - +0 chain mail
rNeg   . . .     Faith    .     (no shield)
rPois  .         Spirit   .     f - +0 helmet
rElec  .         Dismiss  .     (no cloak)
rCorr  .         Reflect  .     s - +0 pair of gloves
SustAt .         Harm     .     (no boots)
MR     .....                    (no amulet)
Stlth  ..........               A - +3 ring of protection (curse)
                                C - ring of protection from fire

@: not resistant to hostile enchantments, extremely unstealthy
A: hooves 2, yellow scales 2, powered by pain 1
a: Depart the Abyss, Bend Space, Banish, Renounce Religion


You were on level 4 of the Dungeon.
You worshipped Lugonu.
Lugonu was most pleased with you.
You were not hungry.

You visited 1 branch of the dungeon, and saw 4 of its levels.
You visited the Abyss 1 time.

You collected 158 gold pieces.

Inventory:

Hand Weapons
 a - a +1 hand axe (weapon)
 y - a +0 flail
Armour
 f - a +0 helmet (worn)
 i - a +0 chain mail (worn)
 s - a +0 pair of gloves (worn)
Jewellery
 t - a +4 ring of intelligence
 A - a cursed +3 ring of protection (right hand)
 C - a ring of protection from fire (left hand)
Wands
 B - a wand of polymorph (15/24)
Scrolls
 b - 3 scrolls of enchant armour {unknown}
 e - a scroll of amnesia {unknown}
 h - a scroll of immolation {unknown}
 k - 3 scrolls of remove curse {unknown}
 l - 2 scrolls of magic mapping {unknown}
 o - a scroll of recharging {unknown}
 p - a scroll of teleportation {unknown}
 v - 2 scrolls of fog {unknown}
 w - a scroll of random uselessness {unknown}
 x - 3 scrolls of identify {unknown}
Potions
 d - a potion of lignification {unknown}
 j - 3 potions of curing
 n - 2 potions of flight {unknown}
 q - 2 potions of brilliance {unknown}
 z - a potion of mutation {unknown}
Comestibles
 c - 3 bread rations
 g - 2 beef jerkies
 m - 3 meat rations
 r - 3 fruits
 u - a royal jelly
 D - 4 chunks of flesh


   Skills:
 + Level 4.2 Fighting
 + Level 2.6 Axes
 * Level 5.0 Armour
 + Level 2.6 Dodging
 + Level 0.4 Stealth
 + Level 3.0 Invocations


You had 5 spell levels left.
You didn't know any spells.

Dungeon Overview and Level Annotations

Branches:
Dungeon (4/15)
 Temple: D:4-7

Altars:
Yredelemnul


Innate Abilities, Weirdness & Mutations

You have hoof-like feet.
You are mostly covered in yellow scales (AC +3).
You sometimes gain a little power by taking damage.


Message History

Your chain mail prevents you from hitting the ogre.
You kick the ogre.
The ogre is moderately wounded.
The ogre hits you with a giant club.
You hit the ogre.
The ogre is heavily wounded.
The ogre hits you with a giant club.
You hit the ogre.
The ogre is heavily wounded.
The ogre hits you with a giant club!
You slash the ogre! Your kick misses the ogre.
The ogre is severely wounded.
The ogre hits you with a giant club!!
* * * LOW HITPOINT WARNING * * *
Drink which item? (? for menu, Esc to quit)
You feel better. The ogre barely misses you.
You hit the ogre.
The ogre is severely wounded.
The ogre hits you with a giant club!
You die...

#.# #.##)# #.# #.##.#
####################.###.##)#
.........................##.#####
#########.##########.##..#....#..
##...# #............##..#..#.#.#
##...#######...........#.#..#.#.#
##...#.................#.#..#.#.#
...............O@.)).............
######.#####......)....#..###.#.#
##.....# #......))...#..###.#.#
##.#########...........#...##.#.#
...........'...........#.#.##.#.#
.#.#########)).........#.#..#'#.#
##.# #...........#......... ##'##
#############......... ....#
#.........


You could see an ogre.

Vanquished Creatures
  An ogre (D:4)
  A scorpion (D:4)
  3 orc wizards
  An iguana (D:4)
  A worker ant (D:3)
  Robin (D:4)
  11 adders
  An ooze (D:3)
  3 dart slugs
  3 giant geckos
  9 orcs
  2 ball pythons
  9 giant cockroaches
  16 goblins
  11 hobgoblins
  3 jackals (D:1)
  11 kobolds
  A quokka (D:4)
  6 bats
  4 giant newts
  A jackal skeleton (D:4)
  11 rats
110 creatures vanquished.

Vanquished Creatures (others)
  An orc (D:4)
1 creature vanquished.

Grand Total: 111 creatures vanquished

Notes
Turn   | Place    | Note
--------------------------------------------------------------
     0 | Abyss:1  | Gargoyl the Demonspawn Abyssal Knight began the quest for the Orb.
     0 | Abyss:1  | Reached XP level 1. HP: 18/18 MP: 2/2
   146 | Abyss:1  | Noticed a wraith
   159 | D:1      | Escaped the Abyss
   324 | D:1      | Reached * piety under Lugonu
   434 | D:1      | Gained mutation: You are partially covered in yellow scales (AC +2). [demonic ancestry]
   434 | D:1      | Reached XP level 2. HP: 20/24 MP: 3/3
   490 | D:1      | Reached skill level 2 in Armour
   770 | D:1      | Reached skill level 1 in Dodging
  1038 | D:2      | Gained mutation: You have large cloven feet. [demonic ancestry]
  1038 | D:2      | Reached XP level 3. HP: 18/29 MP: 3/5
  2116 | D:2      | Gained mutation: You are mostly covered in yellow scales (AC +3). [demonic ancestry]
  2116 | D:2      | Reached XP level 4. HP: 37/37 MP: 6/6
  2119 | D:2      | Reached ** piety under Lugonu
  2743 | D:3      | Reached skill level 3 in Armour
  2996 | D:3      | Gained mutation: You have hoof-like feet. [demonic ancestry]
  2996 | D:3      | Reached XP level 5. HP: 42/42 MP: 7/7
  3211 | D:3      | Found a basalt altar of Yredelemnul.
  3336 | D:3      | Reached *** piety under Lugonu
  4041 | D:4      | Reached skill level 4 in Armour
  4150 | D:4      | Gained mutation: You sometimes gain a little power by taking damage. [demonic ancestry]
  4150 | D:4      | Reached XP level 6. HP: 48/48 MP: 8/8
  4519 | D:4      | Noticed Robin
  4533 | D:4      | Killed Robin
  4533 | D:4      | Reached skill level 5 in Armour
  4996 | D:4      | HP: 2/48 [ogre/giant club (21)]
  5002 | D:4      | Slain by an ogre

Skill      XL: |  1  2  3  4  5  6 |
---------------+-------------------+-----
Armour         | 2 3 4 5 |  5.0
Dodging        | 1 2 |  2.6
Axes           | 2 |  2.6
Invocations    | 3 |  3.0
Fighting       | 4 |  4.2
Stealth        | |  0.4

Action                   |  1- 3 |  4- 6 || total
-------------------------+-------+-------++-------
Melee: Hand axe          |   133 |   323 ||   456
       Kick              |     4 |    79 ||    83
       Unarmed           |       |     3 ||     3
Invok: Depart the Abyss  |     1 |       ||     1
       Banish            |       |     1 ||     1
  Use: Potion            |       |     2 ||     2
  Eat: Chunk             |     4 |    10 ||    14
Armor: Chain mail        |   115 |   310 ||   425
Dodge: Dodged            |    51 |   128 ||   179
